TOP OF THE 1ST |
Kingston Township Knights batting - Pitching for Panama City Piranhas : LHP Edison Larson
|
Pitching: LHP Edison Larson
|
|
Batting: RHB Daniel Maldonado
|
0-0: Foul Ball, location: 2F 0-1: Ground out U3 (Groundball, 3, EV 84.4 MPH)
|
Batting: RHB Takenao Wakabayashi
|
0-0: Ball 1-0: Ball 2-0: Fly out, F3 (Line Drive, 3, EV 76.2 MPH)
|
Batting: RHB Ron Bernard
|
0-0: Ball 1-0: Called Strike 1-1: Ball 2-1: Ball 3-1: Called Strike 3-2: Strikes out looking
|
Top of the 1st over - 0 runs, 0 hits, 0 errors, 0 left on base; Kingston Township 0 - Panama City 0 |
BOTTOM OF THE 1ST |
Panama City Piranhas batting - Pitching for Kingston Township Knights : LHP Chase Sims
|
Pitching: LHP Chase Sims
|
|
Batting: LHB Murray Sperber
|
0-0: Called Strike 0-1: Hit by Pitch
|
Pinch Runner at 1st António Mendoza:
|
|
Batting: RHB Petri Kallio
|
0-0: Foul Ball, location: 2F 0-1: Ball 1-1: Called Strike 1-2: Foul Ball, location: 2F 1-2: SINGLE (Line Drive, 7S, EV 93.8 MPH) António Mendoza to second
|
Batting: RHB Craig Tricket
|
0-0: Ball 1-0: Called Strike 1-1: Foul Ball, location: 2F 1-2: Ball 2-2: Ball 3-2: Strikes out swinging António Mendoza steals 3rd base Batter strikes out. Petri Kallio to second
|
Batting: RHB Silvio Bonauiti
|
0-0: Called Strike 0-1: Ball 1-1: Called Strike 1-2: Foul Ball, location: 2F 1-2: Ball 2-2: Ball 3-2: Base on Balls
|
Batting: SHB Tom Dickinson
|
0-0: Ball 1-0: Called Strike 1-1: Grounds into double play, 4-6-3 (Groundball, 34, EV 84.4 MPH)
|
Bottom of the 1st over - 0 runs, 1 hit, 0 errors, 2 left on base; Kingston Township 0 - Panama City 0 |
TOP OF THE 2ND |
Kingston Township Knights batting - Pitching for Panama City Piranhas : LHP Edison Larson
|
Now in LF: Chrysler Rodriguez
|
|
Batting: RHB Hou Kong
|
0-0: Ball 1-0: Called Strike 1-1: Ball 2-1: Ball 3-1: Base on Balls
|
Batting: LHB Ed Mellor
|
0-0: Ball 1-0: Ball 2-0: Fielders Choice at 2nd, 4-6 (Groundball, 34, EV 101.9 MPH)
|
Batting: RHB Alfredo Cardenas
|
0-0: Swinging Strike 0-1: Foul Ball, location: 2F 0-2: Ball 1-2: Strikes out swinging
|
Batting: RHB Khal Drogo
|
0-0: Foul Ball, location: 2F 0-1: Foul Ball, location: 2F 0-2: Fly out, F9 (Flyball, 9S, EV 76.2 MPH)
|
Top of the 2nd over - 0 runs, 0 hits, 0 errors, 1 left on base; Kingston Township 0 - Panama City 0 |
BOTTOM OF THE 2ND |
Panama City Piranhas batting - Pitching for Kingston Township Knights : LHP Chase Sims
|
Batting: LHB Nathan Tanner
|
0-0: Ball 1-0: Ground out 4-3 (Groundball, 4, EV 106.9 MPH)
|
Batting: SHB Ben Boston
|
0-0: Ball 1-0: Foul Ball, location: 2F 1-1: Ball 2-1: Fly out, F7 (Line Drive, 7, EV 93.8 MPH)
|
Batting: RHB Quindarious Monday
|
0-0: Foul Ball, location: 2F 0-1: Ball 1-1: Ground out 5-3 (Groundball, 25, EV 65.0 MPH)
|
Bottom of the 2nd over - 0 runs, 0 hits, 0 errors, 0 left on base; Kingston Township 0 - Panama City 0 |
TOP OF THE 3RD |
Kingston Township Knights batting - Pitching for Panama City Piranhas : LHP Edison Larson
|
Batting: RHB Glenn Curtis
|
0-0: Ball 1-0: Ground out 6-3 (Groundball, 6S, EV 91.9 MPH)
|
Batting: LHB Marc Ben
|
0-0: Fly out, F9 (Flyball, 9D, EV 89.4 MPH)
|
Batting: RHB Daniel Maldonado
|
0-0: Ball 1-0: Swinging Strike 1-1: Foul Ball, location: 2F 1-2: SINGLE (Groundball, 4MD, EV 103.8 MPH)
|
Batting: RHB Takenao Wakabayashi
|
0-0: Ball 1-0: Ball 2-0: Ball 3-0: Called Strike 3-1: Ground out 1-3 (Groundball, 34S, EV 83.8 MPH)
|
Top of the 3rd over - 0 runs, 1 hit, 0 errors, 1 left on base; Kingston Township 0 - Panama City 0 |
BOTTOM OF THE 3RD |
Panama City Piranhas batting - Pitching for Kingston Township Knights : LHP Chase Sims
|
Batting: RHB Bruno Williams
|
0-0: Ball 1-0: Foul Ball, location: 2F 1-1: Ball 2-1: Ball 3-1: Foul Ball, location: 2F 3-2: Base on Balls
|
Batting: RHB Chrysler Rodriguez
|
0-0: Called Strike 0-1: Ball 1-1: Fielders Choice at 2nd, 1-6 (Groundball, 13, EV 91.9 MPH)
|
Batting: RHB Petri Kallio
|
0-0: SINGLE (Line Drive, 78S, EV 89.4 MPH) Chrysler Rodriguez to second Runner from 2nd tries for 3rd, SAFE, throw by LF made to third
|
Batting: RHB Craig Tricket
|
0-0: Ball Passed Ball! Chrysler Rodriguez scores Petri Kallio to second 1-0: Ball 2-0: DOUBLE (Line Drive, 78D, EV 112.5 MPH) Petri Kallio scores
|
Batting: RHB Silvio Bonauiti
|
0-0: Ground out 5-3 (Groundball, 56D, EV 103.1 MPH)
|
Batting: SHB Tom Dickinson
|
0-0: Ball 1-0: Called Strike 1-1: Ball 2-1: Ball 3-1: Fly out, F5 (Line Drive, 5, EV 71.9 MPH)
|
Bottom of the 3rd over - 2 runs, 2 hits, 0 errors, 1 left on base; Kingston Township 0 - Panama City 2 |
TOP OF THE 4TH |
Kingston Township Knights batting - Pitching for Panama City Piranhas : LHP Edison Larson
|
Batting: RHB Ron Bernard
|
0-0: Ball 1-0: Swinging Strike 1-1: Foul Ball, location: 2F 1-2: SINGLE (Line Drive, 4MD, EV 107.5 MPH)
|
Batting: RHB Hou Kong
|
0-0: Ball 1-0: Called Strike 1-1: Foul Ball, location: 2F 1-2: Foul Ball, location: 2F 1-2: Foul Ball, location: 2F 1-2: SINGLE (Groundball, 6D, EV 100.6 MPH) Ron Bernard to second Runner from 2nd tries for 3rd, SAFE, no throw by CF
|
Batting: LHB Ed Mellor
|
0-0: Fly out, F8 (Flyball, 8LXD, EV 108.8 MPH) Runner from 3rd tags up, SCORES, no throw by CF
|
Batting: RHB Alfredo Cardenas
|
0-0: Ball 1-0: Called Strike 1-1: Ball 2-1: Foul Ball, location: 2F 2-2: Grounds into double play, 5-4-3 (Groundball, 56S, EV 82.5 MPH)
|
Top of the 4th over - 1 run, 2 hits, 0 errors, 0 left on base; Kingston Township 1 - Panama City 2 |
BOTTOM OF THE 4TH |
Panama City Piranhas batting - Pitching for Kingston Township Knights : LHP Chase Sims
|
Batting: LHB Nathan Tanner
|
0-0: Foul Ball, location: 2F 0-1: Foul Ball, location: 2F 0-2: Ball 1-2: Strikes out swinging
|
Batting: SHB Ben Boston
|
0-0: Called Strike 0-1: Ball 1-1: Called Strike 1-2: Ball 2-2: Ground out 4-3 (Groundball, 4, EV 83.1 MPH)
|
Batting: RHB Quindarious Monday
|
0-0: SINGLE (Groundball, 5D, EV 99.4 MPH)
|
Batting: RHB Bruno Williams
|
0-0: Called Strike 0-1: Foul Ball, location: 2F 0-2: Ball 1-2: Ball 2-2: Strikes out swinging
|
Bottom of the 4th over - 0 runs, 1 hit, 0 errors, 1 left on base; Kingston Township 1 - Panama City 2 |
TOP OF THE 5TH |
Kingston Township Knights batting - Pitching for Panama City Piranhas : LHP Edison Larson
|
Batting: RHB Khal Drogo
|
0-0: Ball 1-0: Foul Ball, location: 2F 1-1: Called Strike 1-2: Strikes out looking
|
Batting: RHB Glenn Curtis
|
0-0: Called Strike 0-1: Called Strike 0-2: Ball 1-2: Foul Ball, location: 2F 1-2: Ball 2-2: Ball 3-2: Fly out, F4 (Popup, 34S, EV 89.4 MPH)
|
Batting: LHB Marc Ben
|
0-0: Called Strike 0-1: Ball 1-1: Ball 2-1: SINGLE (Groundball, 56S, EV 72.5 MPH) (infield hit)
|
Batting: RHB Daniel Maldonado
|
0-0: Ball 1-0: Ball 2-0: Called Strike 2-1: Called Strike 2-2: Strikes out looking
|
Top of the 5th over - 0 runs, 1 hit, 0 errors, 1 left on base; Kingston Township 1 - Panama City 2 |
BOTTOM OF THE 5TH |
Panama City Piranhas batting - Pitching for Kingston Township Knights : LHP Chase Sims
|
Batting: RHB Chrysler Rodriguez
|
0-0: Called Strike 0-1: Called Strike 0-2: Ball 1-2: Ground out 3-1 (Groundball, 34, EV 84.4 MPH)
|
Batting: RHB Petri Kallio
|
0-0: Ball 1-0: Ball 2-0: Called Strike 2-1: Ground out 4-3 (Groundball, 4, EV 84.4 MPH)
|
Batting: RHB Craig Tricket
|
0-0: Swinging Strike 0-1: Foul Ball, location: 2F 0-2: Ball 1-2: Fly out, F7 (Flyball, 7S, EV 87.5 MPH)
|
Bottom of the 5th over - 0 runs, 0 hits, 0 errors, 0 left on base; Kingston Township 1 - Panama City 2 |
TOP OF THE 6TH |
Kingston Township Knights batting - Pitching for Panama City Piranhas : LHP Edison Larson
|
Batting: RHB Takenao Wakabayashi
|
0-0: Swinging Strike 0-1: Ball 1-1: Ball 2-1: SINGLE (Line Drive, 78S, EV 105.6 MPH)
|
Batting: RHB Ron Bernard
|
0-0: Ball 1-0: Ball 2-0: Called Strike 2-1: Foul Ball, location: 2F 2-2: Foul Ball, location: 2F 2-2: Ball 3-2: Foul Ball, location: 2F 3-2: SINGLE (Groundball, 56D, EV 108.1 MPH) Takenao Wakabayashi to second
|
Batting: RHB Hou Kong
|
0-0: Foul Ball, location: 2F 0-1: Called Strike 0-2: Foul Ball, location: 2F 0-2: Strikes out swinging
|
Batting: LHB Ed Mellor
|
0-0: Ball 1-0: Called Strike Takenao Wakabayashi steals 3rd base 1-1: Ball 2-1: SINGLE (Groundball, 34D, EV 105.0 MPH) Takenao Wakabayashi scores Ron Bernard to second
|
Pitching: RHP Tobías Pérez
|
|
Batting: RHB Alfredo Cardenas
|
0-0: Called Strike 0-1: Swinging Strike 0-2: Foul Ball, location: 2F 0-2: Foul Ball, location: 2F 0-2: Ball 1-2: Fly out, F2 (Popup, 25F, EV 86.9 MPH)
|
Batting: RHB Khal Drogo
|
0-0: Foul Ball, location: 2F 0-1: Ball 1-1: Ball 2-1: Ball 3-1: Called Strike 3-2: Base on Balls Ron Bernard to third Ed Mellor to second
|
Batting: RHB Glenn Curtis
|
0-0: Swinging Strike 0-1: Swinging Strike 0-2: Ball 1-2: Ball 2-2: Ball 3-2: Strikes out swinging
|
Top of the 6th over - 1 run, 3 hits, 0 errors, 3 left on base; Kingston Township 2 - Panama City 2 |
BOTTOM OF THE 6TH |
Panama City Piranhas batting - Pitching for Kingston Township Knights : LHP Chase Sims
|
Batting: RHB Silvio Bonauiti
|
0-0: Ball 1-0: Ball 2-0: Ball 3-0: Called Strike 3-1: Base on Balls
|
Batting: SHB Tom Dickinson
|
0-0: Ball 1-0: Called Strike 1-1: Ball 2-1: Ball 3-1: Called Strike 3-2: Base on Balls Silvio Bonauiti to second
|
Batting: LHB Nathan Tanner
|
0-0: Ball 1-0: Ball 2-0: Foul Ball, location: 2F 2-1: Foul Ball, location: 2F 2-2: SINGLE (Groundball, 56D, EV 103.8 MPH) Silvio Bonauiti to third Tom Dickinson to second Runner from 3rd tries for Home, SAFE, no throw by LF
|
Batting: SHB Ben Boston
|
0-0: Swinging Strike 0-1: Called Strike 0-2: Ball 1-2: Foul Ball, location: 2F 1-2: Foul Ball, location: 2F 1-2: Ball 2-2: Fly out, F3 (Popup, 3, EV 69.4 MPH)
|
Batting: RHB Quindarious Monday
|
0-0: Called Strike 0-1: Ball 1-1: Ball 2-1: Grounds into double play, 4-6-3 (Groundball, 4, EV 100.6 MPH)
|
Bottom of the 6th over - 1 run, 1 hit, 0 errors, 1 left on base; Kingston Township 2 - Panama City 3 |
TOP OF THE 7TH |
Kingston Township Knights batting - Pitching for Panama City Piranhas : RHP Tobías Pérez
|
Batting: LHB Marc Ben
|
0-0: Called Strike 0-1: Swinging Strike 0-2: Ball 1-2: Ball 2-2: Ball 3-2: Base on Balls
|
Batting: RHB Daniel Maldonado
|
0-0: Grounds into double play, 6-4-3 (Groundball, 6, EV 105.6 MPH)
|
Batting: RHB Takenao Wakabayashi
|
0-0: Ball 1-0: Ball 2-0: Ball 3-0: Called Strike 3-1: Called Strike 3-2: Base on Balls
|
Batting: RHB Ron Bernard
|
0-0: Ball Takenao Wakabayashi is caught stealing 2nd base 2-4
|
Top of the 7th over - 0 runs, 0 hits, 0 errors, 0 left on base; Kingston Township 2 - Panama City 3 |
BOTTOM OF THE 7TH |
Panama City Piranhas batting - Pitching for Kingston Township Knights : LHP Chase Sims
|
Batting: RHB Bruno Williams
|
0-0: Called Strike 0-1: Swinging Strike 0-2: Foul Ball, location: 2F 0-2: Ball 1-2: Ball 2-2: Fly out, F9 (Flyball, 9S, EV 73.1 MPH)
|
Batting: RHB Chrysler Rodriguez
|
0-0: Swinging Strike 0-1: Ball 1-1: Ground out 1-3 (Groundball, 34S, EV 91.9 MPH)
|
Batting: RHB Petri Kallio
|
0-0: Called Strike 0-1: Called Strike 0-2: Foul Ball, location: 2F 0-2: Ground out 6-3 (Groundball, 6S, EV 85.0 MPH)
|
Bottom of the 7th over - 0 runs, 0 hits, 0 errors, 0 left on base; Kingston Township 2 - Panama City 3 |
TOP OF THE 8TH |
Kingston Township Knights batting - Pitching for Panama City Piranhas : RHP Tobías Pérez
|
Batting: RHB Ron Bernard
|
0-0: Ball 1-0: Ball 2-0: Ball 3-0: Base on Balls
|
Pitching: RHP Carlos Salcido
|
|
Batting: RHB Hou Kong
|
0-0: Ball 1-0: Ball 2-0: Ball 3-0: Swinging Strike 3-1: Called Strike 3-2: Base on Balls Ron Bernard to second
|
Batting: LHB Ed Mellor
|
0-0: Fly out, F7 (Flyball, 7LS, EV 96.2 MPH)
|
Batting: RHB Alfredo Cardenas
|
0-0: Called Strike 0-1: Called Strike 0-2: Ball 1-2: Fly out, F9 (Flyball, 9, EV 90.6 MPH)
|
Batting: RHB Khal Drogo
|
0-0: Ball 1-0: Ball 2-0: Foul Ball, location: 2F 2-1: Fly out, F8 (Flyball, 8RD, EV 93.8 MPH)
|
Top of the 8th over - 0 runs, 0 hits, 0 errors, 2 left on base; Kingston Township 2 - Panama City 3 |
BOTTOM OF THE 8TH |
Panama City Piranhas batting - Pitching for Kingston Township Knights : LHP Chase Sims
|
Batting: RHB Craig Tricket
|
0-0: Swinging Strike 0-1: Foul Ball, location: 2F 0-2: Ball 1-2: SINGLE (Groundball, 56D, EV 111.9 MPH)
|
Pitching: RHP Morris Prinkey
|
|
Batting: RHB Silvio Bonauiti
|
0-0: Fielders Choice at 2nd, 5-4 (Groundball, 56S, EV 83.1 MPH)
|
Batting: SHB Tom Dickinson
|
0-0: Ball 1-0: SINGLE (Groundball, 6D, EV 101.2 MPH) Silvio Bonauiti to second
|
Batting: LHB Nathan Tanner
|
0-0: Hit by Pitch Silvio Bonauiti to third Tom Dickinson to second
|
Batting: SHB Ben Boston
|
0-0: Foul Ball, location: 2F 0-1: SINGLE (Groundball, 3, EV 98.1 MPH) (infield hit) Silvio Bonauiti scores Tom Dickinson to third Nathan Tanner to second
|
Batting: RHB Quindarious Monday
|
0-0: Grounds into fielders choice 5-2 (Groundball, 5S, EV 63.8 MPH) Nathan Tanner to third Ben Boston to second
|
Batting: RHB Bruno Williams
|
0-0: SINGLE (Flyball, 56D, EV 91.9 MPH) Nathan Tanner scores Ben Boston to third Quindarious Monday to second Runner from 3rd tries for Home, SAFE, throw by LF to home
|
Batting: RHB Chrysler Rodriguez
|
0-0: Ground out 4-3 (Groundball, 4MS, EV 85.0 MPH)
|
Bottom of the 8th over - 3 runs, 4 hits, 0 errors, 2 left on base; Kingston Township 2 - Panama City 6 |
TOP OF THE 9TH |
Kingston Township Knights batting - Pitching for Panama City Piranhas : RHP Carlos Salcido
|
Pitching: LHP Joe Khokar
|
|
Batting: RHB Glenn Curtis
|
0-0: Swinging Strike 0-1: Foul Ball, location: 2F 0-2: Foul Ball, location: 2F 0-2: Ball 1-2: Ground out 6-3 (Groundball, 6, EV 79.4 MPH)
|
Batting: LHB Marc Ben
|
0-0: Fly out, F8 (Flyball, 8LD, EV 102.5 MPH)
|
Batting: RHB Daniel Maldonado
|
0-0: Ball 1-0: Ball 2-0: Ball 3-0: Called Strike 3-1: Called Strike 3-2: Base on Balls
|
Batting: RHB Takenao Wakabayashi
|
0-0: Ball 1-0: Called Strike 1-1: Foul Ball, location: 2F 1-2: Ball 2-2: Ball 3-2: Foul Ball, location: 2F 3-2: Fly out, F7 (Flyball, 7LD, EV 83.1 MPH)
|
Top of the 9th over - 0 runs, 0 hits, 0 errors, 1 left on base; Kingston Township 2 - Panama City 6 |
|